AoeStats
← varunalur2879

Black Forest

507600284Analyzed
4v4 RM · 14d ago on Sep 18, 2026· 49m 49s· 8 players
Game mode
Random Map
Map size
Large (8 player)
Population
200
Speed
Normal
Resources
Standard
Victory
Conquest
Starting age
Dark Age
Ending age
Imperial Age
RankedLock teamsTeams togetherTeam positionsShared explorationLock speedFull tech treeHidden civsTurbo modeCheats
Victory
Defeat
🇲🇽 Portuguese · Mexico
1438
+13
🇳🇴 Celts · Norway
1397
+15
🇲🇽 Magyars · Mexico
1395
+15
🇦🇿 Wei · Azerbaijan
1313
+18
🇺🇸 Slavs · United States
1502
-20
🇨🇦 Bohemians · Canada
1335
-14
🇨🇴 Spanish · Colombia
1329
-14
🇮🇳 Britons · India
1306
-13
Snavle
11:41 Feudal Age
15:11 Castle Age
13:43 Double-Bit Axe
13:39 Horse Collar
16:52 Bow Saw
18:17 Loom
22:24 Scale Barding Armor
26:40 Wheelbarrow
25:50 Town Watch
27:00 Heavy Plow
31:10 Imperial Age
28:15 Man-at-Arms
28:41 Gambesons
28:41 Arson
29:02 Scale Mail Armor
29:12 Forging
29:05 Gold Mining
29:41 Ballistics
30:16 Hand Cart
30:39 Gold Shaft Mining
29:55 Stone Mining
30:46 Chain Mail Armor
32:03 Iron Casting
32:42 Furor Celtica
31:57 Capped Ram
33:53 Chemistry
32:55 Heavy Scorpion
34:18 Elite Woad Raider
35:58 Siege Ram
36:47 Siege Engineers
39:28 Plate Mail Armor
41:52 Blast Furnace
48:16 Caravan
48:21 Padded Archer Armor
49:01 Stone Shaft Mining
48:14 Gambesons
48:33 Husbandry
47:53 Light Cavalry
victorH
12:36 Feudal Age
16:14 Castle Age
14:45 Fishing Lines
14:54 Double-Bit Axe
22:25 Scale Barding Armor
24:16 Bloodlines
25:42 Chain Barding Armor
25:03 Horse Collar
27:52 Bow Saw
28:56 Wheelbarrow
30:27 Heavy Plow
33:03 Imperial Age
30:56 Husbandry
31:52 Hand Cart
33:02 Gold Mining
33:12 Cavalier
33:45 Loom
34:17 Paladin
37:14 Crop Rotation
37:45 Two-Man Saw
37:22 Plate Barding Armor
41:42 Conscription
47:56 Gold Shaft Mining
farhasha
0:26 Loom
12:54 Feudal Age
13:27 Double-Bit Axe
13:25 Horse Collar
14:43 Gold Mining
16:49 Wheelbarrow
24:03 Castle Age
25:17 Bow Saw
25:10 Heavy Plow
25:31 Stone Mining
30:54 Imperial Age
29:22 Pikeman
36:03 Thumb Ring
36:26 Parthian Tactics
38:20 Fletching
38:31 Padded Archer Armor
39:20 Bodkin Arrow
39:56 Bracer
40:11 Leather Archer Armor
41:05 Treadmill Crane
41:48 Ballistics
42:28 Chemistry
42:19 Bloodlines
42:09 Husbandry
48:04 Ring Archer Armor
Kanon
0:46 Loom
11:19 Feudal Age
17:45 Castle Age
26:34 Double-Bit Axe
29:03 Gold Mining
35:47 Imperial Age
34:16 Horse Collar
38:43 Chemistry
38:22 Conscription
40:09 Wheelbarrow
40:53 Bow Saw
45:57 Fletching
47:25 Padded Archer Armor
47:21 Bodkin Arrow
48:27 Elite Skirmisher
49:41 Bracer
mikeymazko
0:51 Loom
13:21 Feudal Age
13:22 Man-at-Arms
14:22 Double-Bit Axe
24:36 Castle Age
22:37 Horse Collar
25:18 Wheelbarrow
25:27 Bow Saw
25:19 Heavy Plow
25:36 Gold Mining
30:53 Gold Shaft Mining
36:10 Imperial Age
33:57 Hand Cart
33:28 Town Watch
35:21 Fletching
Hieminator
11:21 Loom
13:54 Feudal Age
17:42 Castle Age
16:33 Double-Bit Axe
16:29 Horse Collar
19:20 Bow Saw
18:51 Horse Collar
19:58 Heavy Plow
21:13 Wheelbarrow
21:28 Fishing Lines
26:21 Crossbowman
29:33 Imperial Age
27:19 Hand Cart
26:54 Town Watch
27:18 Fletching
27:55 Pikeman
28:48 Bodkin Arrow
28:54 Scale Mail Armor
29:41 Squires
29:42 Padded Archer Armor
30:04 Ballistics
32:40 Chemistry
32:14 Bracer
32:35 Gillnets
33:58 Two-Man Saw
33:37 Conscription
33:49 Chain Mail Armor
33:44 Forging
34:14 Leather Archer Armor
34:06 Arbalester
34:08 Halberdier
34:56 Houfnice
37:55 Plate Mail Armor
37:56 Ring Archer Armor
38:01 Iron Casting
40:19 Fortified Wall
40:15 Siege Engineers
42:23 Blast Furnace
41:33 Masonry
41:19 Murder Holes
varunalur2879
9:19 Feudal Age
9:20 Man-at-Arms
11:41 Double-Bit Axe
13:43 Horse Collar
16:01 Loom
16:39 Gold Mining
22:53 Castle Age
21:25 Fletching
22:45 Wheelbarrow
23:31 Bodkin Arrow
23:11 Crossbowman
25:03 Bow Saw
28:54 Hand Cart
31:59 Ballistics
35:53 Imperial Age
33:45 Stone Mining
35:29 Gold Shaft Mining
35:50 Masonry
36:17 Padded Archer Armor
36:40 Bracer
37:38 Conscription
36:53 Capped Ram
41:50 Elite Longbowman
43:48 Chemistry
ederps24
0:43 Loom
15:08 Feudal Age
22:36 Castle Age
20:32 Horse Collar
20:40 Double-Bit Axe
21:18 Gold Mining
22:21 Forging
22:34 Stone Mining
23:55 Scale Barding Armor
26:36 Wheelbarrow
27:14 Fletching
35:51 Imperial Age
33:07 Town Watch
34:19 Bodkin Arrow
35:13 Ballistics
35:49 Chain Barding Armor
37:03 Husbandry
37:27 Conscription
37:38 Murder Holes
Connection lost

Rejoining the realm…

Still unreachable

The connection could not be restored.

Session expired

The server has moved on; the page needs a fresh start.